 Dungeon Crawl Stone Soup version 0.32-a0-35-gd9ff480968 (webtiles) character file.

Game seed: 9383063461084185605

2269650 lunkers the Slayer (level 27, 234/234 HPs)
             Began as a Vine Stalker Fighter on Jan 4, 2024.
             Was an Elder of Jiyva.
             Escaped with the Orb
             ... and 3 runes
             ... and 1 gem on Jan 22, 2024!
             The game lasted 02:43:07 (42661 turns).

lunkers the Slayer (Vine Stalker Fighter)          Turns: 42661, Time: 02:43:07

Health: 234/234    AC: 27    Str: 17    XL:     27
Magic:  24/24      EV: 40    Int:  6    God:    Jiyva [****..]
Gold:   2098       SH: 21    Dex: 37    Spells: 26/26 levels left

rFire   + . .        v - +7 short sword of Makhleb's Wrath {distort, rPois}
rCold   + + .        A - +3 kite shield {rC+}
rNeg    + . .        c - melded +4 ring mail {rPois}
rPois   ∞            (helmet unavailable)
rElec   +            a - scarf {rC+ rF+}
rCorr   +            R - melded +0 pair of gloves {Dex+3}
SInv    +            z - melded +1 pair of boots
Will    +++++        i - amulet of Impatience {Acrobat rPois Will+++ rCorr Dex-3}
Stlth   +++          E - ring of willpower
HPRegen 2.67/turn    k - ring of flight
MPRegen 0.83/turn

%: acrobat, guardian spirit
@: statue-form, flying, studying 2 skills, very slow
A: slow and powerful, torment resistance 1, boosted hp, fangs 3, regeneration 1,
magic shield, antimagic bite, no potion heal 2, horns 3, talons 2, (iridescent
scales 1), thin skeletal structure 3, see invisible, agile 2, deformed body,
poison resistance, robust 1, weak 1, pseudopods 1, translucent skin 1, tendrils,
jelly sensing items, inability to drink after injury 1, engulf
0: Orb of Zot
}: 3/15 runes: decaying, silver, gossamer
a: Begin Untransformation, Renounce Religion, Oozemancy, Slimify


You escaped.
You worshipped Jiyva.
Jiyva was greatly pleased with you.
You were a living statue of rough stone.
You visited 8 branches of the dungeon, and saw 44 of its levels.
You visited the Abyss 1 time.

You collected 2982 gold pieces.
You spent 884 gold pieces at shops.

Inventory:

Hand Weapons
 b - a +4 dagger of distortion
 j - a +5 demon trident of flaming
 v - the +7 short sword of Makhleb's Wrath (weapon) {distort, rPois}
   (You found it on level 4 of the Realm of Zot)

   rPois:     It protects you from poison
Missiles
 B - 7 throwing nets
 K - 19 curare-tipped darts
Armour
 a - a scarf of resistance (worn)
 c - a +4 ring mail of poison resistance (melded)
 r - the +0 hat "Beppaaj" {rElec rC+ Dex-5}
   (You found it on level 4 of the Spider Nest)

   Dex-5:     It affects your dexterity (-5).
   rC+:       It protects you from cold.
   rElec:     It insulates you from electricity.
 u - +0 gold dragon scales
 z - a +1 pair of boots (melded)
 A - a +3 kite shield of cold resistance (worn)
 O - the +1 helmet "Gumuanao" {Rampage Stlth+}
   (You found it on level 5 of the Vaults)

   Rampage:   It bestows one free step when moving towards enemies.
   Stlth+:    It makes you more stealthy.
 P - the +0 cloak of the Shifting Gods {Will++}
   (You found it on level 1 of the Vaults)

   Will++:    It greatly increases your willpower.
 R - a +0 pair of gloves of dexterity (melded)
Jewellery
 i - the amulet of Impatience (around neck) {Acrobat rPois Will+++ rCorr Dex-3}
   (You found it on level 3 of the Spider Nest)

   [amulet of the acrobat]

   Acrobat:   It increases your evasion while moving and waiting.
   Dex-3:     It affects your dexterity (-3).
   rPois:     It protects you from poison Will+++: It greatly increases your
   willpower.
   rCorr:     It protects you from acid and corrosion.
 k - a ring of flight (right fist)
 q - a ring of see invisible
 E - a ring of willpower (left fist)
 I - the amulet of the Wereyak {Acrobat rF+ Str+2}
   (You found it on level 3 of the Lair of Beasts)

   [amulet of the acrobat]

   Acrobat:   It increases your evasion while moving and waiting.
   Str+2:     It affects your strength (+2).
   rF+:       It protects you from fire.
 Z - an amulet of reflection
Talismans
 n - a granite talisman (active)
Wands
 d - a wand of paralysis (21)
 o - a wand of light (23)
 H - a wand of flame (30)
 T - a wand of iceblast (40)
 W - a wand of digging (1)
 Y - a wand of polymorph (14)
Scrolls
 m - 3 scrolls of silence
 C - a scroll of summoning
 L - a scroll of teleportation
 U - 6 scrolls of identify
 V - 4 scrolls of fog
 X - 6 scrolls of revelation
Potions
 e - 5 potions of resistance
 f - 8 potions of haste
 g - a potion of cancellation
 h - 2 potions of enlightenment
 l - 6 potions of magic
 s - 9 potions of curing
 t - 6 potions of ambrosia
 w - 7 potions of might
 y - 4 potions of mutation
 D - 7 potions of attraction
 F - a potion of berserk rage
 N - 3 potions of brilliance
 Q - 2 potions of invisibility
Miscellaneous
 p - a phantom mirror
 G - a lightning rod (4/4)
 J - a phial of floods
 M - a condenser vane


   Skills:
 + Level 23.3 Fighting
 - Level 12.0 Short Blades
 - Level 17.2 Armour
 + Level 20.5 Dodging
 - Level 15.0 Shields
 - Level 5.6 Evocations
 - Level 16.0 Shapeshifting


You had 26 spell levels left.
You didn't know any spells.
Your spell library contained the following spells:

 Spells                   Type           Power      Damage    Failure   Level
 Sandblast                Erth           0%         2d4       63%         1
 Slow                     Hex            0%         N/A       63%         1
 Ensorcelled Hibernation  Hex/Ice        0%         N/A       77%         2
 Mercury Vapours          Alch/Air       0%         N/A       77%         2
 Confusing Touch          Hex            0%         N/A       94%         3
 Dazzling Flash           Conj/Hex       0%         N/A       94%         3
 Fugue of the Fallen      Necr           0%         N/A       94%         3
 Gell's Gravitas          Tloc           0%         N/A       94%         3
 Mephitic Cloud           Conj/Alch/Air  0%         N/A       94%         3
 Sigil of Binding         Hex            0%         N/A       94%         3
 Teleport Other           Tloc           0%         N/A       94%         3
 Vampiric Draining        Necr           0%         2d6       94%         3
 Volatile Blastmotes      Fire/Tloc      0%         2d10      94%         3
 Anguish                  Hex/Necr       0%         N/A       100%        4
 Fulminant Prism          Conj/Alch      0%         3d5       100%        4
 Iskenderun's Mystic Bla  Conj/Tloc      0%         2d3       100%        4
 Olgreb's Toxic Radiance  Alch           0%         N/A       100%        4
 Curse of Agony           Necr           0%         N/A       100%        5
 Silence                  Hex/Air        0%         N/A       100%        5
 Bombard                  Conj/Erth      0%         9d1       100%        6
 Dispersal                Tloc           0%         N/A       100%        6
 Haunt                    Necr/Summ      0%         N/A       100%        7
 Ozocubu's Refrigeration  Ice            0%         4d7       100%        7
 Borgnjor's Revivificati  Necr           0%         N/A       100%        8
 Discord                  Hex            0%         N/A       100%        8
 Death's Door             Necr           0%         N/A       100%        9


Dungeon Overview and Level Annotations

Branches:
Dungeon (15/15)            Temple (0/1) D:4            Lair (5/5) D:9
  Swamp (4/4) Lair:3       Spider (4/4) Lair:3        Slime (0/5) Lair:5
    Orc (2/2) D:9             Elf (0/3) Orc:2        Vaults (5/5) D:14
  Crypt (0/3) Vaults:3     Depths (4/4) D:15            Zot (5/5) Depths:4

Altars:
Ashenzari
Cheibriados
Dithmenos
Hepliaklqana
Nemelex Xobeh
Okawaru
Qazlal
Trog
Jiyva
Lugonu

Shops:
D:4 ?   D:5 [   D:6 (   Orc:1 *   Orc:2 *?*:*   Vaults:1 *=   Vaults:4 (
Depths:1 [   Depths:2 !:[:   Depths:4 ::=?

Portals:
Hell: Depths:1 Depths:2 Depths:3 Depths:4
Abyss: Depths:3*
Pandemonium: Depths:2 Depths:4
Ziggurat: Depths:3

Annotations:
Swamp:2 2 transporters, Ruqos's ghost, adept MiBe
Spider:4 Roxanne
Vaults:4 2 transporters, BubbleThief's ghost, veteran DjFE
Abyss:1 Agnes; Aizul; Asterion; Civybe Ogenn's ghost, legendary DsFi


Innate Abilities, Weirdness & Mutations

You are a living statue of rough stone.
Your actions are slow, but your melee attacks are powerful.
You are resistant to unholy torment.
Your maximum health is greatly increased.
Your equipment is partially melded.
You are immune to poison.
You have razor-sharp teeth.
Your natural rate of healing is unusually fast.
When hurt, damage is shared between your health and your magic reserves.
Your bite disrupts and absorbs the magic of your enemies.
Potions cannot restore your health.
You have a pair of large horns on your head.
You have razor-sharp toenails.
((You are partially covered in iridescent scales. (AC +2)))
You have an unnaturally thin skeletal structure. (Dex +6, Stealth+++)
You have supernaturally acute eyesight. (SInv)
You are very agile. (Dex +8, Str/Int -2)
Armour fits poorly on your strangely shaped body.
Your system is resistant to poisons. (rPois)
You are robust. (+10% HP)
You are weak. (Str -2)
Armour fits poorly on your pseudopods.
Your translucent skin slightly reduces your foes' accuracy. (Stealth+)
You are covered in slimy tendrils that may disarm your opponents.
You have a small jelly attached to you that senses nearby items.
You occasionally lose the ability to drink potions when taking damage.
Your melee attacks may engulf your foes in ooze.


Message History

The hellion gestures at you.
The sphere of damnation explodes!
The damnation engulfs you!!
You feel threatened and lose the ability to drink potions!
Unknown command.
The hellion gestures at you.
The sphere of damnation explodes!
The damnation engulfs you! The hellion gestures at you.
The sphere of damnation explodes!
The damnation engulfs you!! You block the hellion's attack. x2
You puncture the hellion!
Space warps horribly around the hellion!
You engulf the hellion in ooze!
You claw the hellion! You bite the hellion.
You kill the hellion!
You swap places.
You can drink potions again.
A smoke demon comes into view.
The smoke demon gestures at you. You block the pyre arrow.
The smoke demon gestures at you. Something smites you!
You block the smoke demon's attack. x3
You impale the smoke demon!!
Space warps horribly around the smoke demon!
Your kick misses the smoke demon. You bite the smoke demon.
The smoke demon's magic leaks into the air.
You drain its magic.
You bludgeon the smoke demon, but do no damage.
The smoke demon is almost dead.
You block the smoke demon's attack.
The smoke demon completely misses you. x2
You impale the smoke demon!!
You kill the smoke demon!
There is a stone staircase leading up here.
You fly upwards.
There is a stone staircase leading down here.
You reach down and open the door.
There is an open door here.
A smoke demon comes into view.
There is a large open door here.
There is a staircase leading out of the dungeon here.
You have escaped!

.....~~~≈~~~≈≈~≈~~~~~~~~~~~~....#
.....~~≈≈≈≈≈≈≈≈≈≈≈≈≈≈≈≈≈≈≈≈~....#
.....~≈≈≈≈≈≈≈≈≈≈≈≈≈≈≈≈≈≈≈≈≈~....#
#....≈≈≈#'#'#≈≈≈≈≈≈≈#'#+#≈≈~....#
#....~≈≈'...##+###'##..>'≈≈~....#
.....≈≈≈'...#.......#...'≈≈~....#
##...~~≈#'#'#.#####.###'#≈~~....#
##....~≈~≈#...#...#...'≈≈≈≈~....#
##..⌠..~~~+.⌠.'.8.###.#≈≈≈≈~....#
##..⌠..~~~+.⌠.'...###.#≈≈≈≈~....#
##....~~≈≈#...#...#...'≈≈≈≈~....#
##...~~≈#'###.#####.###'#≈≈~.....
##...~≈≈'...'.....3.+...'≈≈≈.....
.....~≈≈'(..##'###'##...'≈≈~.....
#....~≈≈#+#'#≈≈≈≈≈≈≈#+#'#≈≈~.....
.....~≈≈≈≈≈≈≈≈≈≈≈≈≈≈≈≈≈≈≈≈≈~..)..
.....~≈≈≈≈≈≈≈≈≈≈≈≈≈≈≈≈≈≈≈≈≈~.....


There were no monsters in sight!

Vanquished Creatures
  5 ancient liches
  3 dread liches
  2 orbs of fire (Zot:5)
  Mara (Abyss:4)
  2 pandemonium lords
  5 Killer Klowns
  Boris (Abyss:4)
  Bai Suzhen (Abyss:4)
  3 caustic shrikes (Depths:4)
  2 curse toes (Zot:4)
  3 golden dragons
  An electric golem (Zot:5)
  A Brimstone Fiend (D:6)
  The ghost of Doesme the Severer, an adept GnCA of Ignis (Vaults:1)
  19 tentacled monstrosities
  23 Orb Guardians
  7 quicksilver dragons
  3 titans (Vaults:5)
  3 liches
  7 death cobs
  5 sphinxes
  An Executioner (D:11)
  The ghost of Movesim the Warrior, an adept DjAE of Hepliaklqana (Spider:3)
  Frances (Spider:1)
  2 tentacled starspawn (Abyss:4)
  6 tengu reavers
  12 storm dragons
  6 shadow dragons
  A fenstrider witch (Swamp:1)
  Donald (Spider:2)
  8 draconian monks
  2 draconian shifters (Zot:3)
  6 draconian knights
  A deep elf sorcerer (Vaults:2)
  4 protean progenitors (Zot:3)
  2 frost giants (Depths:3)
  3 emperor scorpions (Spider:4)
  5 draconian scorchers
  3 ghost moths
  2 iron dragons
  10 fire giants
  5 vault wardens
  7 ironbound preservers
  A ghoul (Swamp:4)
  3 draconian stormcallers
  5 draconian annihilators
  2 spriggan defenders (Depths:2)
  2 cacodemons (Vaults:1)
  23 very ugly things
  2 broodmothers
  7 stone giants
  An ironbound thunderhulk (Vaults:4)
  A caustic shrike skeleton (Depths:2)
  A deep elf death mage (Vaults:4)
  A demonspawn black sun (Depths:1)
  2 bunyips
  6 war gargoyles
  3 vampire knights
  2 deep elf demonologists
  2 eleionomae
  6 black draconians
  11 white draconians
  7 yellow draconians
  2 deep elf annihilators (Vaults:5)
  A lorocyproca (Depths:2)
  3 dire elephants
  8 purple draconians
  8 green draconians
  9 red draconians
  10 spark wasps
  A green death (D:12)
  2 crystal guardians
  A shambling mangrove (Swamp:4)
  A deep elf high priest (Vaults:5)
  7 fire dragons
  12 yaktaur captains
  10 ice dragons
  8 ettins
  Harold (D:9)
  A merfolk impaler (Depths:1)
  3 peacekeepers
  26 vault guards
  A spriggan zombie (Depths:2)
  5 spriggan air magi
  5 rakshasas
  3 entropy weavers
  10 centaur warriors
  A spriggan skeleton (Depths:2)
  An ogre mage (Vaults:5)
  2 ghost crabs
  4 ironbound frosthearts
  2 alligators
  A catoblepas (Lair:3)
  5 radroaches
  17 hydras
  2 two-headed ogres (shapeshifter) (Vaults:1)
  3 boulder beetles
  4 deep troll earth magi
  5 death yaks
  6 tengu warriors
  6 deep troll shamans
  7 spriggan berserkers
  3 hell hogs (Depths:1)
  A two-headed ogre (D:11)
  A vampire mage (Vaults:3)
  An occultist (D:15)
  A sun demon (Depths:3)
  6 demonic crawlers
  5 soul eaters
  4 skysharks
  Sonja (D:10)
  3 wretched stars (Abyss:4)
  2 spectral white draconians (Zot:4)
  12 hell knights
  4 sixfirhies
  2 death drakes (Zot:4)
  3 iron trolls
  A storm dragon skeleton (Zot:4)
  An orb spider (shapeshifter) (Vaults:1)
  A spark wasp zombie (Depths:3)
  4 goliath frogs
  A sun moth (Spider:3)
  2 arcanists
  4 pharaoh ants
  A flayed ghost (Depths:3)
  6 spriggan druids
  A deep elf archer (D:15)
  A shadow demon (Depths:1)
  6 orb spiders
  5 swamp dragons
  9 lindwurms
  25 deep trolls
  8 steelbarb worms
  4 bog bodies
  9 ironbound convokers
  A large abomination (Abyss:4)
  A harpy (shapeshifter) (Vaults:1)
  4 harpies
  A sphinx simulacrum (Depths:3)
  3 phantasmal warriors
  4 deep elf pyromancers
  6 necromancers
  2 deep elf zephyrmancers (D:15)
  7 orc knights
  14 wolf spiders
  An orc sorcerer (D:9)
  45 ugly things
  5 cyclopes
  6 manticores
  35 moths of wrath
  7 meliai
  16 elephants
  4 kobold blastminers (Orc:2)
  3 will-o-the-wisps
  4 black mambas
  18 vault sentinels
  An apocalypse crab (Abyss:4)
  3 smoke demons
  3 orange demons (D:12)
  A gargoyle (D:11)
  6 cane toads
  Maggie (D:6)
  7 torpor snails
  An unseen horror (shapeshifter) (D:10)
  5 komodo dragons
  A hellion (D:2)
  An efreet (D:15)
  A spectral human (Depths:1)
  2 unseen horrors
  7 yaktaurs
  A freezing wraith (Vaults:4)
  2 kobold demonologists (D:12)
  2 rime drakes
  Psyche (D:8)
  A ghost moth simulacrum (Zot:4)
  2 tengu conjurers (Depths:4)
  3 spectral moths of wrath (Zot:4)
  3 ancient zymes (Abyss:4)
  5 trolls
  2 tyrant leeches
  5 polar bears
  3 red devils (D:12)
  A black draconian skeleton (Zot:4)
  3 merfolk (Zot:3)
  Prince Ribbit (D:8)
  21 tarantellas
  A hornet (shapeshifter) (Vaults:1)
  A shadow dragon simulacrum (Depths:3)
  A wind drake (shapeshifter) (Vaults:1)
  12 hornets
  4 raiju
  A dream sheep (Lair:5)
  8 blink frogs
  The ghost of pigah the Changeling, an amateur OpSh (D:4)
  16 spriggans
  14 culicivoras
  4 water elementals
  2 ynoxinuls
  A vampire (D:13)
  6 wraiths
  53 yaks
  A shadow (D:11)
  22 jumping spiders
  9 humans (Zot:2)
  2 humans (shapeshifter)
  2 chaos spawn (Abyss:4)
  Grum (D:8)
  3 wyverns
  4 basilisks
  A steam dragon (D:8)
  A warg (Orc:1)
  24 redbacks
  10 vampire mosquitoes
  A yellow draconian simulacrum (Zot:4)
  A black draconian simulacrum (Zot:4)
  13 swamp worms
  An acid dragon (D:14)
  13 water moccasins
  30 orc warriors
  4 moth of wrath simulacra (Zot:4)
  7 swamp drakes
  An ice beast (D:6)
  5 black bears
  2 laughing skulls (Abyss:4)
  4 ogres
  4 boggarts
  27 wolves
  17 centaurs
  A kobold brigand (D:11)
  2 phantoms
  9 bullfrogs
  4 necrophages
  2 gnoll sergeants (D:12)
  3 small abominations
  A scorpion (D:5)
  3 wights (D:8)
  10 killer bees
  6 howler monkeys
  2 electric eels (Spider:2)
  2 quasits (Abyss:4)
  4 orc priests
  15 starcursed masses (Abyss:4)
  2 gnoll boudas
  16 orc wizards
  2 sleepcaps
  2 iguanas
  A bullfrog simulacrum (D:4)
  A scorpion simulacrum (D:4)
  12 gnolls
  2 adders
  2 shadow imps
  A white imp (D:6)
  A howler monkey simulacrum (D:4)
  A dart slug (D:4)
  A ribbon worm (D:2)
  An adder simulacrum (D:4)
  52 orcs
  3 bats
  An endoplasm (D:2)
  2 giant cockroaches
  5 goblins (D:1)
  6 hobgoblins
  6 jackals (D:2)
  2 quokkas
  6 ball pythons
  4 frilled lizards
  7 kobolds
  A quokka simulacrum (D:4)
  3 rats
  An aspiring flesh (Zot:3)
1443 creatures vanquished.

Vanquished Creatures (collateral kills)
  A golden dragon (Zot:1)
  A thorn hunter (Swamp:4)
  Gastronok (D:8)
  A shadow dragon (Zot:1)
  A two-headed ogre (D:11)
  7 death yaks
  A demonic crawler (Spider:4)
  3 orb spiders
  A sun moth (Spider:4)
  An ironbound convoker (Vaults:4)
  An orc knight (Orc:2)
  A swamp dragon (Swamp:4)
  A wolf spider (Spider:4)
  A rime drake (Lair:2)
  2 hornets
  4 yaks
  A culicivora (Spider:4)
  2 spriggans (Lair:5)
  2 orc warriors
  A black bear (Lair:5)
  2 centaurs
  A wolf (Lair:5)
  An orc wizard (D:8)
  4 orcs
42 creatures vanquished.

Vanquished Creatures (others)
  A dread lich (Zot:5)
  A Killer Klown (Abyss:4)
  A curse toe (Zot:5)
  5 acid blobs
  A sphinx (Vaults:4)
  A thorn hunter (Swamp:4)
  An azure jelly (Zot:5)
  A rockslime (Depths:2)
  2 draconian knights
  2 vault wardens
  A formless jellyfish (Vaults:4)
  A ghost moth (Zot:5)
  2 ironbound preservers
  A quicksilver ooze (Depths:2)
  3 very ugly things
  An ironbound thunderhulk (Vaults:1)
  A yellow draconian (Zot:3)
  A spark wasp (Abyss:4)
  A yaktaur captain (Vaults:4)
  7 great orbs of eyes
  A catoblepas (D:15)
  A deep elf high priest (Vaults:5)
  A hydra (Swamp:3)
  An ironbound frostheart (Vaults:4)
  2 spriggan air magi (Depths:2)
  A deep troll shaman (Depths:2)
  2 centaur warriors
  2 iron trolls (Depths:2)
  3 deep trolls
  A death drake (shapeshifter) (Vaults:5)
  3 glowing orange brains
  A deep troll (shapeshifter) (Vaults:5)
  2 glowing orange brains (shapeshifter)
  An arcanist (Vaults:3)
  A swamp dragon (Swamp:4)
  A harpy (Vaults:1)
  A tengu zombie (Depths:2)
  4 ironbound convokers
  A steelbarb worm (Spider:4)
  A glass eye (Depths:3)
  A salamander (D:15)
  7 ugly things (Depths:2)
  A moth of wrath (shapeshifter) (Vaults:5)
  An elephant (Abyss:4)
  A large abomination (Abyss:4)
  A will-o-the-wisp (Swamp:2)
  2 shining eyes (Zot:3)
  A meliai (shapeshifter) (Vaults:1)
  6 vault sentinels
  An orange demon (D:12)
  A smoke demon (Depths:2)
  An efreet (D:10)
  5 yaktaurs (Vaults:3)
  A blink frog (Lair:2)
  2 bloated husks
  29 slime creatures
  A human (shapeshifter) (D:14)
  2 wraiths
  A human (Zot:2)
  A swamp worm (Swamp:4)
  A water moccasin (D:6)
  An orc warrior (Orc:2)
  A swamp drake (Swamp:4)
  3 laughing skulls
  A phantom (D:6)
  A bullfrog (Lair:3)
  A scorpion (D:4)
  3 killer bees (D:10)
  A bombardier beetle (D:6)
  240 jellies
  2 orc priests (Orc:2)
  2 starcursed masses (Abyss:4)
  2 orc wizards
  2 gnolls (D:5)
  2 adders
  A white imp (D:4)
  14 orcs
  2 ball pythons
  A bat (D:2)
  A giant cockroach (D:4)
  2 hobgoblins
  5 kobolds
  A rat (D:2)
  26 foxfires (Swamp:1)
  3 lurking horrors (Depths:3)
  13 starspawn tentacles (Abyss:4)
464 creatures vanquished.

Grand Total: 1949 creatures vanquished

Notes
Turn   | Place    | Note
-------+----------+-------------------------------------------
     0 | D:1      | lunkers the Vine Stalker Fighter began the quest for the
                  | Orb.
     0 | D:1      | Reached XP level 1. HP: 11/11 MP: 2/2
   207 | D:1      | Reached XP level 2. HP: 16/16 MP: 1/3
   768 | D:2      | Reached XP level 3. HP: 17/19 MP: 4/4
   835 | D:2      | Found a faded altar of an unknown god.
   858 | D:2      | Prayed at the altar of an unknown god.
   858 | D:2      | Became a worshipper of Jiyva Jicoaxaf the Shapeless
   858 | D:2      | Reached * piety under Jiyva
  1152 | D:2      | Found the +1 Delatra's gloves {ID++}
  1160 | D:2      | Reached XP level 4. HP: 19/23 MP: 5/5
  1377 | D:3      | Noticed a phantom
  1377 | D:3      | Reached ** piety under Jiyva
  1389 | D:3      | Killed a phantom
  1390 | D:3      | Reached XP level 5. HP: 27/27 MP: 6/6
  1708 | D:3      | Reached *** piety under Jiyva
  2219 | D:4      | Gained mutation: You are strong-willed. (Will+) [Jiyva's
                  | grace]
  2219 | D:4      | Gained mutation: You are highly strong-willed. (Will++)
                  | [Jiyva's grace]
  2219 | D:4      | Gained mutation: You are extremely strong-willed. (Will+++)
                  | [Jiyva's grace]
  2219 | D:4      | Gained mutation: Your melee attacks may engulf your foes in
                  | ooze. [Jiyva's grace]
  2241 | D:4      | Found a sparkling altar of Nemelex Xobeh.
  2524 | D:4      | Reached skill level 5 in Short Blades
  2533 | D:4      | Found a shadowy altar of Dithmenos.
  2567 | D:4      | Found a runed translucent gate.
  2567 | D:4      | Found a runed translucent gate.
  2567 | D:4      | Found a runed translucent gate.
  2630 | D:4      | Noticed a water moccasin
  2638 | D:4      | Killed a water moccasin
  2639 | D:4      | Reached XP level 6. HP: 32/32 MP: 7/7
  2656 | D:4      | Found a staircase to the Ecumenical Temple.
  2666 | D:4      | Reached **** piety under Jiyva
  2781 | D:4      | Found Laijih's Magic Scroll Emporium.
  2858 | D:4      | Noticed pigah's ghost (amateur OpSh)
  2869 | D:4      | Killed pigah's ghost
  2932 | D:5      | Entered Level 5 of the Dungeon
  2978 | D:5      | Reached XP level 7. HP: 24/35 MP: 8/8
  3411 | D:5      | Found Syidopan's Armour Shoppe.
  3525 | D:5      | Reached ***** piety under Jiyva
  3560 | D:6      | Noticed a hornet
  3562 | D:6      | Paralysed by a hornet for 3 turns
  3565 | D:6      | Killed a hornet
  3566 | D:6      | Reached skill level 3 in Fighting
  3566 | D:6      | Reached skill level 1 in Dodging
  3566 | D:6      | Gained mutation: You have razor-sharp teeth. [Vine Stalker
                  | growth]
  3566 | D:6      | Reached XP level 8. HP: 27/40 MP: 5/9
  3683 | D:6      | Lost mutation: You are extremely strong-willed. (Will+++)
                  | [Jiyva's grace]
  3683 | D:6      | Gained mutation: Your flesh is heat resistant. (rF+)
                  | [Jiyva's grace]
  3683 | D:6      | Gained mutation: Your flesh is very heat resistant. (rF++)
                  | [Jiyva's grace]
  3683 | D:6      | Gained mutation: Your flesh is almost immune to the effects
                  | of heat. (rF+++) [Jiyva's grace]
  3683 | D:6      | Gained mutation: You are covered in fur. (AC +1) [Jiyva's
                  | grace]
  3756 | D:6      | Reached skill level 4 in Fighting
  3801 | D:6      | Noticed Maggie
  3812 | D:6      | Killed Maggie
  3851 | D:6      | Reached XP level 9. HP: 46/46 MP: 10/10
  3856 | D:6      | Reached skill level 5 in Fighting
  4038 | D:6      | Found Cikoeza's Weapon Shoppe.
  4899 | D:8      | Reached skill level 6 in Fighting
  4929 | D:8      | Reached ****** piety under Jiyva
  4949 | D:8      | Noticed Gastronok
  4960 | D:8      | Reached skill level 5 in Armour
  4961 | D:8      | Killed Gastronok
  4962 | D:8      | Reached skill level 5 in Dodging
  4962 | D:8      | Reached XP level 10. HP: 50/53 MP: 11/11
  5001 | D:8      | Lost mutation: You are highly strong-willed. (Will++)
                  | [Jiyva's grace]
  5001 | D:8      | Lost mutation: You are strong-willed. (Will+) [Jiyva's
                  | grace]
  5001 | D:8      | Gained mutation: You have a pair of small horns on your
                  | head. [Jiyva's grace]
  5001 | D:8      | Gained mutation: You have a pair of horns on your head.
                  | [Jiyva's grace]
  5001 | D:8      | Gained mutation: You have a pair of large horns on your
                  | head. [Jiyva's grace]
  5001 | D:8      | Gained mutation: Your muscles are strong. (Str +4, Int/Dex
                  | -1) [Jiyva's grace]
  5025 | D:8      | Noticed Grum
  5029 | D:8      | Reached skill level 7 in Fighting
  5037 | D:8      | Killed Grum
  5130 | D:8      | Noticed Prince Ribbit
  5141 | D:8      | Killed Prince Ribbit
  5159 | D:8      | Noticed Psyche
  5171 | D:8      | Killed Psyche
  5254 | D:8      | Found a broken altar of Ashenzari.
  5436 | D:9      | Noticed a death yak
  5436 | D:9      | Noticed a death yak
  5436 | D:9      | Noticed a death yak
  5437 | D:9      | Noticed a death yak
  5437 | D:9      | Noticed a death yak
  5441 | D:9      | Noticed a death yak
  5459 | D:8      | Killed a death yak
  5461 | D:9      | Noticed a death yak
  5473 | D:8      | Killed a death yak
  5474 | D:8      | Reached skill level 8 in Fighting
  5484 | D:8      | Killed a death yak
  5485 | D:8      | Reached XP level 11. HP: 24/60 MP: 10/12
  5494 | D:8      | Killed a death yak
  5531 | D:8      | Killed a death yak
  5651 | D:9      | Killed a death yak
  5653 | D:9      | Killed a death yak
  5689 | D:9      | Found a staircase to the Lair.
  5757 | D:9      | Noticed Harold
  5787 | D:9      | Killed Harold
  5874 | D:9      | Found a staircase to the Orcish Mines.
  6243 | D:9      | Found a snail-covered altar of Cheibriados.
  6243 | D:9      | Found a stormy altar of Qazlal.
  6332 | Lair:1   | Entered Level 1 of the Lair of Beasts
  6473 | Lair:1   | Reached skill level 9 in Fighting
  6494 | Lair:1   | Noticed a death yak
  6522 | Lair:1   | Reached XP level 12. HP: 50/66 MP: 13/13
  6528 | Lair:1   | Reached skill level 10 in Short Blades
  6534 | Lair:1   | Noticed a death yak
  6534 | Lair:1   | Noticed a death yak
  6535 | Lair:1   | Noticed a death yak
  6539 | Lair:1   | Noticed a death yak
  6547 | Lair:1   | Banished a death yak
  6556 | Lair:1   | Killed a death yak
  6559 | Lair:1   | Banished a death yak
  6568 | Lair:1   | Banished a death yak
  6585 | Lair:1   | Killed a death yak
  6960 | Lair:1   | Noticed a seven-headed hydra
  6969 | Lair:1   | Killed a seven-headed hydra
  6970 | Lair:1   | Reached skill level 10 in Fighting
  7215 | Lair:2   | Noticed a four-headed hydra
  7248 | Lair:2   | Killed a four-headed hydra
  7309 | Lair:2   | Noticed an eight-headed hydra
  7313 | Lair:2   | Killed an eight-headed hydra
  7419 | Lair:2   | Lost mutation: You have a pair of large horns on your head.
                  | [Jiyva's grace]
  7419 | Lair:2   | Lost mutation: You have a pair of horns on your head.
                  | [Jiyva's grace]
  7419 | Lair:2   | Lost mutation: You are covered in fur. (AC +1) [Jiyva's
                  | grace]
  7419 | Lair:2   | Lost mutation: Your muscles are strong. (Str +4, Int/Dex
                  | -1) [Jiyva's grace]
  7419 | Lair:2   | Gained mutation: Your system is resistant to poisons.
                  | (rPois) [Jiyva's grace]
  7419 | Lair:2   | Gained mutation: Armour fits poorly on your pseudopods.
                  | [Jiyva's grace]
  7419 | Lair:2   | Gained mutation: Armour fits poorly on your large
                  | pseudopods. [Jiyva's grace]
  7419 | Lair:2   | Gained mutation: Armour fits poorly on your massive
                  | pseudopods. [Jiyva's grace]
  7617 | Lair:2   | Reached XP level 13. HP: 72/72 MP: 14/14
  8289 | Lair:3   | Reached skill level 11 in Fighting
  8556 | Lair:3   | Reached skill level 10 in Armour
  8687 | Lair:3   | Reached skill level 10 in Dodging
  8833 | Lair:3   | Found a staircase to the Swamp.
  8854 | Lair:3   | Identified the amulet of the Wereyak {Acrobat rF+ Str+2}
  8932 | Lair:3   | Found a hole to the Spider Nest.
  9162 | Lair:3   | Gained mutation: You have a pair of horns on your head.
                  | [Jiyva's grace]
  9162 | Lair:3   | Gained mutation: You have a pair of large horns on your
                  | head. [Jiyva's grace]
  9162 | Lair:3   | Gained mutation: You have hidden genetic potential.
                  | [Jiyva's grace]
  9162 | Lair:3   | Gained mutation: You have great hidden genetic potential.
                  | [Jiyva's grace]
  9391 | Lair:4   | Upgraded the game from 0.31-a0-1576-ga3383bade6 to
                  | 0.31-a0-1589-g8f5e8aebd6
  9392 | Lair:4   | Upgraded the game from 0.31-a0-1589-g8f5e8aebd6 to
                  | 0.32-a0-18-g89e19f1974
  9420 | Lair:4   | You are sucked into a shaft and drop 1 floor!
  9420 | Lair:5   | Entered Level 5 of the Lair of Beasts
  9468 | Lair:5   | Identified the storm talisman of Dercho {rC++ Dex+5 Slay-6}
  9646 | Lair:5   | Reached skill level 12 in Fighting
  9646 | Lair:5   | Reached XP level 14. HP: 66/80 MP: 15/15
  9903 | Lair:5   | Got an earthy gem with 446 turns to spare
 10250 | Lair:5   | Found a viscous altar of Jiyva.
 10250 | Lair:5   | Found a staircase to the Slime Pits.
 10839 | Lair:4   | Gained mutation: You are robust. (+10% HP) [hidden
                  | potential]
 11597 | D:10     | Entered Level 10 of the Dungeon
 11600 | D:10     | Noticed Sonja
 11624 | D:10     | Killed Sonja
 11674 | D:10     | Lost mutation: Your flesh is almost immune to the effects
                  | of heat. (rF+++) [Jiyva's grace]
 11674 | D:10     | Lost mutation: Your system is resistant to poisons. (rPois)
                  | [Jiyva's grace]
 11674 | D:10     | Lost mutation: You are robust. (+10% HP) [Jiyva's grace]
 11674 | D:10     | Lost mutation: Armour fits poorly on your massive
                  | pseudopods. [Jiyva's grace]
 11674 | D:10     | Lost mutation: You have great hidden genetic potential.
                  | [Jiyva's grace]
 11674 | D:10     | Gained mutation: You are partially covered in iridescent
                  | scales. (AC +2) [Jiyva's grace]
 11674 | D:10     | Gained mutation: You are mostly covered in iridescent
                  | scales. (AC +4) [Jiyva's grace]
 11674 | D:10     | Gained mutation: You are completely covered in iridescent
                  | scales. (AC +6) [Jiyva's grace]
 11674 | D:10     | Gained mutation: Your mind is acute. (Int +4, Str/Dex -1)
                  | [Jiyva's grace]
 12052 | D:10     | Reached skill level 13 in Fighting
 12295 | D:11     | Found a bloodstained altar of Trog.
 12743 | Orc:1    | Entered Level 1 of the Orcish Mines
 12903 | Orc:2    | Entered Level 2 of the Orcish Mines
 13008 | Orc:2    | Reached XP level 15. HP: 61/86 MP: 10/16
 13042 | Orc:2    | Found Edeinun's Book Shop.
 13042 | Orc:2    | Found Tafyicig's Assorted Antiques.
 13044 | Orc:2    | Found Geiwof's Magic Scroll Shoppe.
 13046 | Orc:2    | Found Loraz's Assorted Antiques.
 13116 | Orc:2    | Bought a steaming demon trident for 580 gold pieces
 13116 | Orc:2    | Identified the +4 demon trident of Arrival {drain, rElec
                  | rF+} (You bought it in a shop on level 2 of the Orcish
                  | Mines)
 13222 | Orc:2    | Lost mutation: You are completely covered in iridescent
                  | scales. (AC +6) [Jiyva's grace]
 13222 | Orc:2    | Lost mutation: Armour fits poorly on your large pseudopods.
                  | [Jiyva's grace]
 13222 | Orc:2    | Lost mutation: You have hidden genetic potential. [Jiyva's
                  | grace]
 13222 | Orc:2    | Gained mutation: Your mind is very acute. (Int +8, Str/Dex
                  | -2) [Jiyva's grace]
 13222 | Orc:2    | Gained mutation: You are covered in slimy tendrils that may
                  | disarm your opponents. [Jiyva's grace]
 13222 | Orc:2    | Gained mutation: You are completely covered in iridescent
                  | scales. (AC +6) [Jiyva's grace]
 13222 | Orc:2    | Gained mutation: You are partially covered in large bone
                  | plates. (SH +4) [Jiyva's grace]
 13286 | Orc:2    | Found a staircase to the Elven Halls.
 13319 | Orc:2    | Found Tuehycef's Assorted Antiques.
 13561 | Orc:1    | Found Regi's Assorted Antiques.
 14864 | D:13     | Lost mutation: You are completely covered in iridescent
                  | scales. (AC +6) [Jiyva's grace]
 14864 | D:13     | Lost mutation: Your flesh is very heat resistant. (rF++)
                  | [Jiyva's grace]
 14864 | D:13     | Lost mutation: Armour fits poorly on your pseudopods.
                  | [Jiyva's grace]
 14864 | D:13     | Lost mutation: You are covered in slimy tendrils that may
                  | disarm your opponents. [Jiyva's grace]
 14864 | D:13     | Gained mutation: You are agile. (Dex +4, Str/Int -1)
                  | [Jiyva's grace]
 14864 | D:13     | Gained mutation: You are very agile. (Dex +8, Str/Int -2)
                  | [Jiyva's grace]
 14864 | D:13     | Gained mutation: Armour fits poorly on your pseudopods.
                  | [Jiyva's grace]
 14864 | D:13     | Gained mutation: Armour fits poorly on your large
                  | pseudopods. [Jiyva's grace]
 15187 | D:13     | Reached skill level 14 in Fighting
 15783 | D:14     | Found a gate to the Vaults.
 16666 | Swamp:1  | Entered Level 1 of the Swamp
 16685 | Swamp:1  | Lost mutation: You have a pair of large horns on your head.
                  | [Jiyva's grace]
 16685 | Swamp:1  | Lost mutation: You have a pair of horns on your head.
                  | [Jiyva's grace]
 16685 | Swamp:1  | Lost mutation: Armour fits poorly on your large pseudopods.
                  | [Jiyva's grace]
 16685 | Swamp:1  | Gained mutation: Your rubbery body absorbs attacks. (AC +1,
                  | EV +1) [Jiyva's grace]
 16685 | Swamp:1  | Gained mutation: Your pliable body absorbs attacks. (AC +2,
                  | EV +2) [Jiyva's grace]
 16685 | Swamp:1  | Gained mutation: Your gelatinous body deflects attacks. (AC
                  | +3, EV +3) [Jiyva's grace]
 16685 | Swamp:1  | Gained mutation: You have a somewhat thin skeletal
                  | structure. (Dex +2, Stealth+) [Jiyva's grace]
 16825 | Swamp:1  | Noticed a fenstrider witch
 16835 | Swamp:1  | Paralysed by a fenstrider witch for 4 turns
 16845 | Swamp:1  | Killed a fenstrider witch
 16846 | Swamp:1  | Reached XP level 16. HP: 89/93 MP: 17/17
 17579 | Swamp:2  | Found a transporter.
 17579 | Swamp:2  | Noticed Ruqos's ghost (adept MiBe)
 17591 | Swamp:2  | Found a transporter.
 17830 | Swamp:2  | Identified the +0 leather armour of the Ladybird {rC+}
 18087 | Swamp:3  | Reached skill level 15 in Fighting
 18423 | Swamp:4  | Entered Level 4 of the Swamp
 18429 | Swamp:4  | Noticed a thorn hunter
 18693 | Swamp:4  | Killed a thorn hunter
 18824 | Swamp:4  | Lost mutation: You have a pair of small horns on your head.
                  | [Jiyva's grace]
 18824 | Swamp:4  | Lost mutation: Your mind is very acute. (Int +8, Str/Dex
                  | -2) [Jiyva's grace]
 18824 | Swamp:4  | Lost mutation: Armour fits poorly on your pseudopods.
                  | [Jiyva's grace]
 18824 | Swamp:4  | Lost mutation: Your melee attacks may engulf your foes in
                  | ooze. [Jiyva's grace]
 18824 | Swamp:4  | Gained mutation: Your melee attacks may engulf your foes in
                  | ooze. [Jiyva's grace]
 18824 | Swamp:4  | Gained mutation: You have sharp fingernails. [Jiyva's
                  | grace]
 18824 | Swamp:4  | Gained mutation: You have very sharp fingernails. [Jiyva's
                  | grace]
 18824 | Swamp:4  | Gained mutation: You have claws for hands. [Jiyva's grace]
 18849 | Swamp:4  | Noticed a thorn hunter
 18882 | Swamp:4  | Killed a thorn hunter
 18894 | Swamp:4  | Noticed the 27-headed Lernaean hydra
 18903 | Swamp:4  | Slimified the 27-headed Lernaean hydra
 18903 | Swamp:4  | the 27-headed Lernaean hydra changed into a slime creature
                  | shaped Lernaean hydra
 18903 | Swamp:4  | Noticed a slime creature shaped Lernaean hydra
 18907 | Swamp:4  | Killed a slime creature shaped Lernaean hydra
 18947 | Swamp:4  | Reached XP level 17. HP: 93/99 MP: 18/18
 19101 | Swamp:4  | Got a decaying rune of Zot
 19504 | Spider:1 | Entered Level 1 of the Spider Nest
 19900 | Spider:1 | Reached skill level 16 in Fighting
 19989 | Spider:1 | You are sucked into a shaft and drop 1 floor!
 20043 | Spider:2 | Noticed Frances
 20046 | Spider:2 | Identified the serpent talisman of Impermeability {Str+3}
 20046 | Spider:2 | Noticed Aizul
 20073 | Spider:1 | Killed Frances
 20673 | Spider:1 | Lost mutation: You have claws for hands. [Jiyva's grace]
 20673 | Spider:1 | Lost mutation: You are mostly covered in iridescent scales.
                  | (AC +4) [Jiyva's grace]
 20673 | Spider:1 | Lost mutation: Your flesh is heat resistant. (rF+) [Jiyva's
                  | grace]
 20673 | Spider:1 | Lost mutation: Your gelatinous body deflects attacks. (AC
                  | +3, EV +3) [Jiyva's grace]
 20673 | Spider:1 | Lost mutation: Your melee attacks may engulf your foes in
                  | ooze. [Jiyva's grace]
 20673 | Spider:1 | Gained mutation: You are robust. (+10% HP) [Jiyva's grace]
 20673 | Spider:1 | Gained mutation: You are very robust. (+20% HP) [Jiyva's
                  | grace]
 20673 | Spider:1 | Gained mutation: You are extremely robust. (+30% HP)
                  | [Jiyva's grace]
 20673 | Spider:1 | Gained mutation: Your mind is very acute. (Int +8, Str/Dex
                  | -2) [Jiyva's grace]
 21179 | Spider:2 | Noticed Donald
 21204 | Spider:2 | Killed Donald
 21257 | Spider:2 | Banished Aizul
 21662 | Spider:3 | Found a runed translucent gate.
 21662 | Spider:3 | Found a runed translucent gate.
 21663 | Spider:3 | Found a runed translucent gate.
 21665 | Spider:3 | Noticed Movesim's ghost (adept DjAE)
 21767 | Spider:3 | Reached skill level 5 in Shields
 21964 | Spider:3 | Reached XP level 18. HP: 137/137 MP: 19/19
 21995 | Spider:3 | Killed Movesim's ghost
 22011 | Spider:3 | Identified the amulet of Impatience {Acrobat rPois Will+++
                  | rCorr Dex-3}
 22025 | Spider:3 | Identified the +5 shortbow of Nonuxido {freeze, Int+5}
 22439 | Spider:4 | Entered Level 4 of the Spider Nest
 22443 | Spider:4 | Identified the dragon-blood talisman "Wodayfeh" {rF+ MP-9
                  | Dex+2 Slay+5}
 22443 | Spider:4 | Noticed Bai Suzhen
 22459 | Spider:4 | Banished Bai Suzhen
 22483 | Spider:4 | Lost mutation: You are extremely robust. (+30% HP)
                  | [mutagenic glow]
 22500 | Spider:4 | Gained mutation: You occasionally lose the ability to read
                  | scrolls when taking damage. [mutagenic glow]
 22569 | Spider:4 | Noticed Roxanne
 22960 | Spider:4 | Noticed Mara
 22970 | Spider:4 | Banished Mara
 23088 | Spider:4 | Reached skill level 10 in Shields
 23378 | Spider:4 | Identified the +0 hat "Beppaaj" {rElec rC+ Dex-5}
 23386 | Spider:4 | Got a gossamer rune of Zot
 23527 | Spider:4 | Identified the +2 pair of gloves of the Butcher {Harm *Slow
                  | +Inv SInv}
 23527 | Spider:4 | Noticed Nikola
 23543 | Spider:4 | Slimified Nikola
 23543 | Spider:4 | Nikola changed into Nikola the azure jelly
 23543 | Spider:4 | Noticed Nikola
 24039 | Vaults:1 | Entered Level 1 of the Vaults
 24129 | Vaults:1 | Found Culiloiq's General Store.
 24204 | Vaults:1 | Lost mutation: You have very sharp fingernails. [Jiyva's
                  | grace]
 24204 | Vaults:1 | Lost mutation: You have sharp fingernails. [Jiyva's grace]
 24204 | Vaults:1 | Lost mutation: You are partially covered in large bone
                  | plates. (SH +4) [Jiyva's grace]
 24204 | Vaults:1 | Lost mutation: You are very agile. (Dex +8, Str/Int -2)
                  | [Jiyva's grace]
 24204 | Vaults:1 | Lost mutation: Your pliable body absorbs attacks. (AC +2,
                  | EV +2) [Jiyva's grace]
 24204 | Vaults:1 | Lost mutation: You occasionally lose the ability to read
                  | scrolls when taking damage. [Jiyva's grace]
 24204 | Vaults:1 | Gained mutation: You possess an exceptional clarity of
                  | mind. [Jiyva's grace]
 24204 | Vaults:1 | Gained mutation: You are covered in slimy tendrils that may
                  | disarm your opponents. [Jiyva's grace]
 24204 | Vaults:1 | Gained mutation: You are strong-willed. (Will+) [Jiyva's
                  | grace]
 24204 | Vaults:1 | Gained mutation: You are highly strong-willed. (Will++)
                  | [Jiyva's grace]
 24223 | Vaults:1 | Noticed Asterion
 24223 | Vaults:1 | Noticed a tentacled monstrosity
 24317 | Vaults:1 | Found Zosit's Jewellery Boutique.
 24368 | Vaults:1 | Banished Asterion
 24382 | Vaults:1 | Gained mutation: Your health recovers twice as slowly from
                  | being drained. [a cacodemon]
 24385 | Vaults:1 | Noticed a tentacled monstrosity
 24408 | Vaults:1 | Killed a tentacled monstrosity
 24419 | Vaults:1 | Reached XP level 19. HP: 124/132 MP: 20/20
 24450 | Vaults:1 | Killed a tentacled monstrosity
 24544 | Vaults:1 | Found a runed translucent gate.
 24545 | Vaults:1 | Found a runed translucent gate.
 24545 | Vaults:1 | Found a runed translucent gate.
 24546 | Vaults:1 | Noticed a tentacled monstrosity
 24618 | Vaults:1 | Identified the +4 robe of Amelioration {Int+2}
 25245 | Vaults:1 | Killed a tentacled monstrosity
 25296 | Vaults:1 | Found a runed translucent gate.
 25296 | Vaults:1 | Found a runed translucent gate.
 25299 | Vaults:1 | Found a runed translucent gate.
 25299 | Vaults:1 | Noticed Doesme's ghost (adept GnCA)
 25362 | Vaults:1 | Killed Doesme's ghost
 25372 | Vaults:1 | Identified the +0 cloak of the Shifting Gods {Will++}
 25383 | Vaults:1 | Gained mutation: You occasionally lose the ability to drink
                  | potions when taking damage. [mutagenic glow]
 25391 | Vaults:1 | Gained mutation: You are occasionally teleported next to
                  | monsters. [mutagenic glow]
 25401 | Vaults:1 | Gained mutation: You are weak. (Str -2) [mutagenic glow]
 25885 | Vaults:2 | Identified the orb of Zealous Knowledge {*channel, rPois
                  | Str+5 Dex+3}
 25885 | Vaults:2 | Noticed Frederick
 25906 | Vaults:2 | Slimified Frederick
 25906 | Vaults:2 | Frederick changed into Frederick the azure jelly
 25906 | Vaults:2 | Noticed Frederick
 25971 | Vaults:2 | Reached skill level 15 in Shields
 26626 | Vaults:3 | Reached skill level 15 in Armour
 26645 | Vaults:3 | Lost mutation: Your rubbery body absorbs attacks. (AC +1,
                  | EV +1) [potion of mutation]
 26645 | Vaults:3 | Lost mutation: You are occasionally teleported next to
                  | monsters. [potion of mutation]
 26645 | Vaults:3 | Lost mutation: Your mind is very acute. (Int +8, Str/Dex
                  | -2) [potion of mutation]
 26645 | Vaults:3 | Gained mutation: You are resistant to electric shocks.
                  | (rElec) [potion of mutation]
 26696 | Vaults:3 | Lost mutation: You are partially covered in iridescent
                  | scales. (AC +2) [Jiyva's grace]
 26696 | Vaults:3 | Lost mutation: You are highly strong-willed. (Will++)
                  | [Jiyva's grace]
 26696 | Vaults:3 | Lost mutation: You are strong-willed. (Will+) [Jiyva's
                  | grace]
 26696 | Vaults:3 | Lost mutation: You are weak. (Str -2) [Jiyva's grace]
 26696 | Vaults:3 | Gained mutation: Your melee attacks may engulf your foes in
                  | ooze. [Jiyva's grace]
 26696 | Vaults:3 | Gained mutation: You expend magic power (3 MP) to
                  | strengthen your wands. [Jiyva's grace]
 26696 | Vaults:3 | Gained mutation: A frigid envelope surrounds you and
                  | freezes all who hurt you. [Jiyva's grace]
 26696 | Vaults:3 | Gained mutation: You have a small jelly attached to you
                  | that may absorb projectiles. [Jiyva's grace]
 26785 | Vaults:3 | Found a staircase to the Crypt.
 26858 | Vaults:3 | Reached skill level 15 in Dodging
 26905 | Vaults:3 | Got Zesierev's Omnibus of Feculent Quicksand
 27399 | Vaults:3 | Reached XP level 20. HP: 98/139 MP: 21/21
 27419 | Vaults:3 | Identified the +2 great sword of Ronwoh {freeze, rCorr}
 27694 | Vaults:4 | Lost mutation: You are agile. (Dex +4, Str/Int -1) [Jiyva's
                  | grace]
 27694 | Vaults:4 | Lost mutation: A frigid envelope surrounds you and freezes
                  | all who hurt you. [Jiyva's grace]
 27694 | Vaults:4 | Lost mutation: You occasionally lose the ability to drink
                  | potions when taking damage. [Jiyva's grace]
 27694 | Vaults:4 | Lost mutation: You expend magic power (3 MP) to strengthen
                  | your wands. [Jiyva's grace]
 27694 | Vaults:4 | Lost mutation: Your health recovers twice as slowly from
                  | being drained. [Jiyva's grace]
 27694 | Vaults:4 | Gained mutation: You are agile. (Dex +4, Str/Int -1)
                  | [Jiyva's grace]
 27694 | Vaults:4 | Gained mutation: You are very agile. (Dex +8, Str/Int -2)
                  | [Jiyva's grace]
 27694 | Vaults:4 | Gained mutation: Your system is resistant to poisons.
                  | (rPois) [Jiyva's grace]
 27694 | Vaults:4 | Gained mutation: You are partially covered in iridescent
                  | scales. (AC +2) [Jiyva's grace]
 27738 | Vaults:4 | Reached skill level 17 in Fighting
 28012 | Vaults:4 | Found Jisim's Weapon Emporium.
 28547 | Vaults:4 | Found a transporter.
 28549 | Vaults:4 | Noticed BubbleThief's ghost (veteran DjFE)
 28553 | Vaults:4 | Noticed an ancient lich
 28555 | Vaults:4 | Identified the amulet of Jaxzurph {RegenMP Fly Int+4}
 28558 | Vaults:4 | Identified a ring "Lotyqeu" {rElec rF+ MP-9 Int+6 Dex+5}
 28580 | Vaults:4 | Found a transporter.
 28776 | Vaults:5 | Entered Level 5 of the Vaults
 28809 | Vaults:5 | Noticed a golden dragon
 28995 | Vaults:5 | Noticed a dread lich
 29039 | Vaults:5 | Noticed an ancient lich
 29050 | Vaults:4 | Banished a dread lich
 29267 | Vaults:5 | Identified the +1 leather armour of the Playwright {MP+9
                  | Str+2 Dex+3}
 29273 | Vaults:5 | Identified the +3 long sword of Transmuting Anguish {heavy,
                  | Fly rF+ rN++ Dex+2}
 29391 | Vaults:5 | Noticed an ancient lich
 29394 | Vaults:5 | Slimified an ancient lich
 29426 | Vaults:5 | Reached XP level 21. HP: 123/145 MP: 19/22
 29484 | Vaults:5 | Reached skill level 18 in Fighting
 29494 | Vaults:5 | Noticed a dread lich
 29538 | Vaults:5 | Slimified a dread lich
 29538 | Vaults:5 | a dread lich changed into an acid blob
 29668 | Vaults:5 | Banished an ancient lich
 30038 | Vaults:5 | Banished a golden dragon
 30197 | Vaults:5 | Lost mutation: You have a somewhat thin skeletal structure.
                  | (Dex +2, Stealth+) [Jiyva's grace]
 30197 | Vaults:5 | Lost mutation: You are very agile. (Dex +8, Str/Int -2)
                  | [Jiyva's grace]
 30197 | Vaults:5 | Lost mutation: You are very robust. (+20% HP) [Jiyva's
                  | grace]
 30197 | Vaults:5 | Gained mutation: You expend magic power (3 MP) to
                  | strengthen your wands. [Jiyva's grace]
 30197 | Vaults:5 | Gained mutation: You have a small jelly attached to you
                  | that senses nearby items. [Jiyva's grace]
 30197 | Vaults:5 | Gained mutation: You are mostly covered in iridescent
                  | scales. (AC +4) [Jiyva's grace]
 30197 | Vaults:5 | Gained mutation: You are completely covered in iridescent
                  | scales. (AC +6) [Jiyva's grace]
 30271 | Vaults:5 | Upgraded the game from 0.32-a0-18-g89e19f1974 to
                  | 0.32-a0-20-ge526923d97
 30392 | Vaults:5 | Got a silver rune of Zot
 30394 | Vaults:5 | Identified the +1 helmet "Gumuanao" {Rampage Stlth+}
 30789 | D:15     | Entered Level 15 of the Dungeon
 30794 | D:15     | Noticed Agnes
 30806 | D:15     | Banished Agnes
 31456 | D:15     | Found a staircase to the Depths.
 31547 | Depths:1 | Entered Level 1 of the Depths
 31742 | Depths:1 | Reached XP level 22. HP: 143/143 MP: 23/23
 31794 | Depths:1 | Reached skill level 19 in Fighting
 31848 | D:15     | Reached skill level 1 in Evocations
 31932 | Depths:1 | Found Riumpisoq's Antique Armour Shoppe.
 31968 | Depths:1 | Bought a masterwork chain mail for 304 gold pieces
 31968 | Depths:1 | Identified the +3 chain mail of Utuci {^Contam Harm rF+
                  | rN+} (You bought it in a shop on level 1 of the Depths)
 32107 | Depths:1 | Reached XP level 23. HP: 148/148 MP: 24/24
 32114 | Depths:1 | Found a gateway to Hell.
 32238 | Depths:1 | Found a hazy altar of Hepliaklqana.
 32329 | Depths:1 | Lost mutation: You are completely covered in iridescent
                  | scales. (AC +6) [Jiyva's grace]
 32329 | Depths:1 | Lost mutation: You are agile. (Dex +4, Str/Int -1) [Jiyva's
                  | grace]
 32329 | Depths:1 | Lost mutation: Your mind is acute. (Int +4, Str/Dex -1)
                  | [Jiyva's grace]
 32329 | Depths:1 | Lost mutation: You are resistant to electric shocks.
                  | (rElec) [Jiyva's grace]
 32329 | Depths:1 | Lost mutation: You have a small jelly attached to you that
                  | may absorb projectiles. [Jiyva's grace]
 32329 | Depths:1 | Gained mutation: You have sharp toenails. [Jiyva's grace]
 32329 | Depths:1 | Gained mutation: You have razor-sharp toenails. [Jiyva's
                  | grace]
 32329 | Depths:1 | Gained mutation: You have claws for feet. [Jiyva's grace]
 32329 | Depths:1 | Gained mutation: Your translucent skin slightly reduces
                  | your foes' accuracy. (Stealth+) [Jiyva's grace]
 32564 | Depths:2 | Found Givampoje's Armour Boutique.
 32682 | Depths:2 | Reached skill level 20 in Fighting
 32682 | Depths:2 | Reached skill level 5 in Evocations
 32746 | Depths:2 | Noticed Boris
 32772 | Depths:2 | Banished Boris
 32794 | Depths:2 | Found Dogidgh's Book Emporium.
 32996 | Depths:2 | Reached skill level 1 in Shapeshifting
 33276 | Depths:2 | Reached skill level 5 in Shapeshifting
 33619 | Depths:2 | Found an iron altar of Okawaru.
 33635 | Depths:2 | Found Tusoyhai's Distillery.
 33784 | Depths:2 | Found Ucloreru's Book Shop.
 33910 | Depths:2 | Found a one-way gate leading to the halls of Pandemonium.
 34069 | Depths:3 | Found a one-way gateway to a ziggurat.
 34128 | Depths:3 | Found a one-way gate to the infinite horrors of the Abyss.
 34263 | Depths:3 | Upgraded the game from 0.32-a0-20-ge526923d97 to
                  | 0.32-a0-30-gefbe487952
 34263 | Depths:3 | Upgraded the game from 0.32-a0-30-gefbe487952 to
                  | 0.32-a0-35-gd9ff480968
 34606 | Depths:3 | Reached XP level 24. HP: 127/156 MP: 20/24
 34918 | Depths:3 | Lost mutation: You have claws for feet. [Jiyva's grace]
 34918 | Depths:3 | Lost mutation: You are mostly covered in iridescent scales.
                  | (AC +4) [Jiyva's grace]
 34918 | Depths:3 | Lost mutation: You possess an exceptional clarity of mind.
                  | [Jiyva's grace]
 34918 | Depths:3 | Lost mutation: Your translucent skin slightly reduces your
                  | foes' accuracy. (Stealth+) [Jiyva's grace]
 34918 | Depths:3 | Lost mutation: You expend magic power (3 MP) to strengthen
                  | your wands. [Jiyva's grace]
 34918 | Depths:3 | Gained mutation: You have supernaturally acute eyesight.
                  | (SInv) [Jiyva's grace]
 34918 | Depths:3 | Gained mutation: You have a pair of small horns on your
                  | head. [Jiyva's grace]
 34918 | Depths:3 | Gained mutation: You have a pair of horns on your head.
                  | [Jiyva's grace]
 34918 | Depths:3 | Gained mutation: You have a pair of large horns on your
                  | head. [Jiyva's grace]
 35028 | Depths:3 | Reached skill level 10 in Shapeshifting
 35043 | Depths:3 | Found a corrupted altar of Lugonu.
 35230 | Depths:4 | Entered Level 4 of the Depths
 35634 | Depths:4 | Found Neax's Magic Scroll Shop.
 35936 | Depths:4 | Found a gate to the Realm of Zot.
 35981 | Depths:4 | Noticed a caustic shrike
 35982 | Depths:4 | Noticed a caustic shrike
 35983 | Depths:4 | Noticed a caustic shrike
 35990 | Depths:4 | Noticed a caustic shrike
 35999 | Depths:4 | Banished a caustic shrike
 36007 | Depths:4 | Killed a caustic shrike
 36012 | Depths:4 | Killed a caustic shrike
 36043 | Depths:4 | Killed a caustic shrike
 36293 | Depths:4 | Found Num Viomy's Jewellery Emporium.
 36293 | Depths:4 | Found Pewisu's Book Shop.
 36294 | Depths:4 | Found Bocin's Book Shop.
 36604 | Zot:1    | Entered Level 1 of the Realm of Zot
 37544 | Zot:2    | Reached XP level 25. HP: 161/161 MP: 23/24
 37579 | Zot:2    | Reached skill level 15 in Shapeshifting
 37712 | Zot:2    | Gained mutation: You are agile. (Dex +4, Str/Int -1)
                  | [Jiyva's grace]
 37712 | Zot:2    | Gained mutation: You are very agile. (Dex +8, Str/Int -2)
                  | [Jiyva's grace]
 37712 | Zot:2    | Gained mutation: Armour fits poorly on your pseudopods.
                  | [Jiyva's grace]
 37712 | Zot:2    | Gained mutation: Armour fits poorly on your large
                  | pseudopods. [Jiyva's grace]
 38195 | Zot:2    | Noticed a Killer Klown
 38216 | Zot:2    | Killed a Killer Klown
 38225 | Zot:2    | Noticed a Killer Klown
 38235 | Zot:2    | Banished a Killer Klown
 39395 | Zot:4    | Noticed an ancient lich
 39397 | Zot:4    | Noticed a dread lich
 39591 | Zot:4    | Banished a dread lich
 39592 | Zot:4    | Reached skill level 21 in Fighting
 39605 | Zot:4    | Killed an ancient lich
 39853 | Zot:4    | Lost mutation: Armour fits poorly on your large pseudopods.
                  | [Jiyva's grace]
 39853 | Zot:4    | Gained mutation: You have a somewhat thin skeletal
                  | structure. (Dex +2, Stealth+) [Jiyva's grace]
 39853 | Zot:4    | Gained mutation: You have a moderately thin skeletal
                  | structure. (Dex +4, Stealth++) [Jiyva's grace]
 39853 | Zot:4    | Gained mutation: You have an unnaturally thin skeletal
                  | structure. (Dex +6, Stealth+++) [Jiyva's grace]
 39853 | Zot:4    | Gained mutation: Your translucent skin slightly reduces
                  | your foes' accuracy. (Stealth+) [Jiyva's grace]
 40033 | Zot:4    | Reached XP level 26. HP: 170/170 MP: 24/24
 40379 | Zot:4    | Found a runed translucent gate.
 40379 | Zot:4    | Found a runed translucent gate.
 40380 | Zot:4    | Noticed an ancient lich
 40380 | Zot:4    | Found a runed translucent gate.
 40381 | Zot:4    | Noticed Civybe Ogenn's ghost (legendary DsFi)
 40452 | Zot:4    | Killed an ancient lich
 40466 | Zot:4    | Banished Civybe Ogenn's ghost
 40488 | Zot:4    | Identified the +7 short sword of Makhleb's Wrath {distort,
                  | rPois}
 40535 | Zot:5    | Entered Level 5 of the Realm of Zot
 40798 | Zot:5    | Noticed a dread lich
 40799 | Zot:5    | Noticed a Killer Klown
 40804 | Zot:5    | Noticed an orb of fire
 40813 | Zot:5    | Slimified a dread lich
 40813 | Zot:5    | a dread lich changed into an acid blob
 40826 | Zot:5    | Gained mutation: You are weak. (Str -2) [an orb of fire]
 40828 | Zot:5    | Killed an orb of fire
 40835 | Zot:5    | Killed a Killer Klown
 40845 | Zot:5    | Noticed a Killer Klown
 41046 | Zot:5    | Killed a Killer Klown
 41155 | Zot:5    | Noticed a Killer Klown
 41158 | Zot:5    | Noticed an ancient lich
 41158 | Zot:5    | Noticed an ancient lich
 41186 | Zot:5    | Noticed a dread lich
 41186 | Zot:5    | Noticed an orb of fire
 41186 | Zot:5    | Noticed an ancient lich
 41200 | Zot:5    | Banished an ancient lich
 41206 | Abyss:4  | Cast into level 4 of the Abyss (unwielding a weapon of
                  | distortion)
 41240 | Abyss:4  | Killed Boris
 41257 | Abyss:4  | Paralysed by accursed screaming for 1 turns
 41266 | Abyss:4  | Reached skill level 22 in Fighting
 41268 | Abyss:4  | Killed a dread lich
 41287 | Abyss:4  | Killed an ancient lich
 41295 | Abyss:4  | Paralysed by accursed screaming for 1 turns
 41357 | Abyss:4  | Killed a Killer Klown
 41375 | Abyss:4  | Killed Mara
 41435 | Abyss:4  | Killed Bai Suzhen
 41472 | Zot:5    | Escaped the Abyss
 41476 | Zot:5    | Noticed a dread lich
 41490 | Zot:5    | Killed a dread lich
 41491 | Zot:5    | Reached XP level 27. HP: 165/179 MP: 19/24
 41510 | Zot:5    | Killed a dread lich
 41514 | Zot:5    | Slimified an ancient lich
 41514 | Zot:5    | an ancient lich changed into an azure jelly
 41523 | Zot:5    | Killed an orb of fire
 41529 | Zot:5    | Killed an ancient lich
 41740 | Zot:5    | Noticed an ancient lich
 41767 | Zot:5    | Killed an ancient lich
 41769 | Zot:5    | Noticed a dread lich
 41788 | Zot:5    | Reached skill level 23 in Fighting
 41798 | Zot:5    | Killed a dread lich
 41836 | Zot:5    | Noticed a dread lich
 41843 | Zot:5    | Banished a dread lich
 41888 | Zot:5    | Got the Orb of Zot
 41894 | Zot:5    | Gained mutation: You occasionally lose the ability to drink
                  | potions when taking damage. [a cacodemon]
 42233 | D:14     | Noticed Zepsen the pandemonium lord
 42244 | D:14     | Killed Zepsen the pandemonium lord
 42390 | D:10     | Gained mutation: Armour fits poorly on your strangely
                  | shaped body. [a neqoxec]
 42395 | D:9      | Noticed Baucaq the pandemonium lord
 42402 | D:9      | Killed Baucaq the pandemonium lord
 42661 | D:$      | Escaped with the Orb!

Illustrated notes

Levels and vault maps discovered:
D:1:      dpeg_arrival_castle, layout_basic, minmay_misc_feat_ornament
D:2:      layout_basic, dreamdust_ecumenical_altar_grove,
          pf_guarded_unrand_delatra
D:3:      layout_basic
D:4:      layout_loops_ring, mainiacjoe_overflow_24_doors,
          mainiacjoe_overflow_surrounded_room,
          minmay_temple_entry_gardened_gates, serial_shops,
          kennysheep_mini_moat, gammafunk_ghost_icy, grunt_ministairs_15,
          serial_bayou_pond_d, saegor_snake_ambush
D:5:      layout_basic, serial_shops, shop
D:6:      layout_gridville, serial_shops, nicolae_shop_bloodbath_and_beyond,
          serial_park_tiny_2, uniq_maggie
D:7:      layout_gridville
D:8:      layout_rooms, ashenzari_altar_1, uniq_prince_ribbit1, uniq_grum,
          uniq_psyche, uniq_gastronok
D:9:      layout_loops_ring, gammafunk_temple_overflow_elements,
          dpeg_lair_monsters, david_orc_2, uniq_harold
D:10:     layout_irregular_city, uniq_sonja
D:11:     layout_rooms, trog_ov_bears_minmay
D:12:     wad_arrow_thing, layout_basic, hangedman_abyss_or_decor_clamps,
          minmay_beelzebubs_servants
D:13:     layout_loops_corners
D:14:     layout_cave_pods, lightli_vaults_fourway_checkpoint,
          serial_library_hellmonk_reading_circle, kennysheep_generic_room_9
D:15:     hangedman_depths_entry_try_elsewhere_first, layout_small_grid,
          minmay_misc_feat_four_crosses, grunt_potential, uniq_agnes,
          uniq_rupert
Lair:1:   layout_small_grid, chequers_serial_rivers_small_a, pond
Lair:2:   layout_layer_cave, grunt_megastairs_2, infiniplex_staircase_pool_2
Lair:3:   layout_hall_layers, skrybe_swamp_entry_bodies,
          nicolae_spider_entry_orb_guardian, grunt_megastairs_5
Lair:4:   layout_cellular_growth
Lair:5:   minmay_lair_end_enchanted_forest, layout_concentric_octagons,
          dpeg_slime_entry_enclosed, lemuel_fruit_tree, serial_bayou_shore_b
Swamp:1:  layout_basic_swamp, hangedman_swamp_diagram
Swamp:2:  layout_falls_marsh, gammafunk_ghost_abyssal_escape,
          nicolae_swamp_orc_logging_accident
Swamp:3:  layout_basic_swamp, hangedman_swamp_ruin_wall
Swamp:4:  swamp_old_school, layout_basic_swamp
Spider:1: layout_chambers
Spider:2: layout_spider_delve, uniq_aizul, uniq_frances, uniq_donald
Spider:3: layout_spider_delve, gammafunk_ghost_split
Spider:4: hellmonk_spider_rune_bug_friends, uniq_roxanne, uniq_mara,
          uniq_bai_suzhen, uniq_nikola
Orc:1:    layout_caves, serial_shops, nicolae_shop_advertising_works
          [nicolae_subvault_shop_adworks]
Orc:2:    st_orc_rangers, layout_caves, serial_shops, shop
Vaults:1: ploomutoo_gammafunk_ghost_potion_laboratory,
          nicolae_vaults_offset_grid_hallway_3, vaults_mumra_hex,
          hangedman_vaults_corner, vaults_room_mumra_shop_pool,
          nicolae_vaults_weapon_check, v_alt_pattern_1,
          nicolae_vaults_yaktaur_gun_rack, grunt_vaults_funnel, v_misc_19,
          nicolae_vaults_three_branches, vaults_dpeg_emergency_exit,
          ontoclasm_vaults_twist, nicolae_vaults_double_plus_2,
          layout_vaults_big_cross, serial_shops, nicolae_shop_window_shopping,
          uniq_asterion
Vaults:2: vaults_room_grunt_arrival_checkpoint, nicolae_vaults_house_3,
          nicolae_vaults_ellipses_ellipsis, v_misc_24,
          nicolae_vaults_closet_pinwheel_4, kb_rosetta, vaults_room_fours,
          nicolae_vaults_network_square, grunt_vaults_focal, v_misc_28,
          nicolae_vaults_variable_pillar_hall, vaults_dpeg_hooks,
          layout_vaults_ring, uniq_frederick
Vaults:3: minmay_crypt_entry_simple_walls, nicolae_vaults_murderbox,
          hangedman_vaults_hat, nicolae_vaults_puzzle_piece,
          vaults_room_stairs_pillars, layout_vaults_chaotic_city
Vaults:4: gammafunk_ghost_mausoleum, st_smaller_cells, vaults_mumra_hexcomb,
          nicolae_vaults_mini_display_case, nicolae_vaults_frosty_reception,
          nicolae_vaults_network_periphery, nicolae_vaults_double_plus_2,
          v_misc_22, nicolae_vaults_storage_closets_2, nicolae_vaults_six-pack,
          nicolae_vaults_little_squares_5, nicolae_vaults_trapezoid_2,
          nicolae_vaults_storage_room_statues, ontoclasm_vaults_ligature,
          nicolae_vaults_house_1, layout_vaults_omnibox, serial_shops,
          nicolae_shop_behind_doors
Vaults:5
Depths:1: layout_cave_pools, grunt_hell_horde, serial_shops, shop,
          kennysheep_small_spiral, nicolae_hepliaklqana_monster_ancestors
Depths:2: kennysheep_snake, layout_cave_shapes, mu_enter_wizlab_5, special_room
          [special_room_jelly], okawaru_ov_weapons_minmay,
          grunt_hell_entry_dis_grunt, serial_shops, shop,
          nicolae_shop_tiny_statue_garden, nicolae_shop_waterfront, shop,
          serial_column_ruins, column_ruins_hut_ruined,
          column_ruins_corridor_corner, column_ruins_grid_1,
          column_ruins_grid_1, column_ruins_open_tiny, grunt_pan_entry_spiral,
          hangedman_abyss_or_decor_stabs, infiniplex_staircase_split_hallway,
          uniq_grunn, uniq_boris
Depths:3: wad_statue_garden, layout_gridlike, enter_ziggurat_a,
          grunt_decor_resistance, hangedman_geh_valley,
          abyss_entry_small_statue_room, amcnicky_altar_lugonu_corruption
Depths:4: grunt_zot_entry_gee_three, layout_gridlike, pan_entry, serial_shops,
          shop, hangedman_tar_grid_catacomb, chequers_hall_statues_y,
          minmay_shop_grove
Zot:1:    kennysheep_bubbly, layout_twisted_circle
Zot:2:    circus_mu, layout_gridlike, grunt_ministairs_4
Zot:3:    layout_gridville
Zot:4:    hangedman_snap_crack_crunch, layout_onion_interference,
          gammafunk_ghost_necromancy, regret_index_zotdec_decaying_basic
Zot:5:    layout_onion, grunt_ministairs_7

Skill      XL: |  1  2  3  4  5  6  7  8  9 10 11 12 13 14 15 16 17 18 19 20 21 22 23 24 25 26 27 |
---------------+----------------------------------------------------------------------------------+-----
Short Blades   | 2 3 4 6 7 8 9 10 12 | 12.0
Fighting       | 3 4 6 8 9 10 12 13 14 15 16 17 18 19 20 21 22 23 | 23.3
Dodging        | 1 3 5 6 7 9 10 11 12 14 15 16 17 18 19 20 | 20.5
Armour         | 3 5 7 9 10 11 13 14 15 16 17 | 17.2
Shields        | 6 12 15 | 15.0
Evocations     | 1 5 |  5.6
Shapeshifting  | 8 14 16 | 16.0

Action                     |  1- 3 |  4- 6 |  7- 9 | 10-12 | 13-15 | 16-18 | 19-21 | 22-24 | 25-27 || total
---------------------------+-------+-------+-------+-------+-------+-------+-------+-------+-------++-------
  Melee: Rapier            |   120 |    75 |   230 |       |       |       |       |       |       ||   425
         Bite              |    28 |    19 |    84 |   148 |   478 |   899 |  1039 |   874 |   727 ||  4296
         Dagger            |       |       |     9 |   382 |  1190 |  1723 |  1844 |  1546 |   817 ||  7511
         Unarmed           |       |       |       |    21 |       |       |       |       |       ||    21
         Headbutt          |       |       |       |    98 |   382 |   118 |       |   231 |   521 ||  1350
         Pseudopods        |       |       |       |     2 |   317 |   117 |       |       |   469 ||   905
         Kick              |       |       |       |       |       |       |       |   503 |   802 ||  1305
         Short sword       |       |       |       |       |       |       |       |       |   440 ||   440
 Invoke: Oozemancy         |       |       |       |       |     2 |     1 |     7 |     3 |     9 ||    22
         Slimify           |       |       |       |       |       |     3 |     4 |       |     2 ||     9
  Evoke: Wand              |       |       |       |       |     1 |     1 |       |       |     2 ||     4
         Lightning rod     |       |       |       |       |       |     1 |       |       |       ||     1
    Use: Scroll            |       |     4 |     2 |     4 |     9 |     7 |     5 |     1 |     8 ||    40
         Potion            |       |       |     1 |     1 |       |     1 |     1 |     1 |     3 ||     8
   Stab: Paralysed         |       |       |       |       |     1 |       |       |       |       ||     1
         Distracted        |       |       |       |       |     3 |     8 |     5 |     2 |     2 ||    20
         Sleeping          |       |       |       |       |     1 |     9 |     4 |     4 |     1 ||    19
 Armour: Scale mail        |    82 |    34 |   211 |   184 |   167 |       |       |       |       ||   678
         Skin              |       |       |       |     5 |       |       |       |    28 |   825 ||   858
         Ring mail         |       |       |       |       |   322 |   663 |   599 |   538 |       ||  2122
  Dodge: Dodged            |    61 |    24 |   158 |   212 |   873 |  1364 |   946 |   793 |  1988 ||  6419
  Block: Buckler           |    29 |    15 |    73 |    69 |   324 |   397 |       |       |       ||   907
         Kite shield       |       |       |       |       |       |   933 |  1178 |   796 |  1679 ||  4586
   Form: Statue            |       |       |       |       |       |       |       |     4 |       ||     4
                           |       |       |       |       |       |       |       |     3 |       ||     3

Table legend: (Time is in decaauts)
 A = Elapsed time spent in this place.
 B = Non-inter-level travel time spent in this place.
 C = Inter-level travel time spent in this place.
 D = Time resting spent in this place.
 E = Time spent auto-exploring this place.
 F = Levels seen in this place.
 G = Mean time per level.
                   A        B        C        D        E       F      G
               +--------+--------+--------+--------+--------+-----+--------+
         Total |  41851 |  39540 |   2311 |      7 |  25400 |  45 |  930.0 |
       Dungeon |  11676 |  10937 |    739 |      0 |   7941 |  15 |  778.4 |
          Lair |   4982 |   4486 |    496 |      0 |   3458 |   5 |  996.4 |
         Swamp |   2546 |   2369 |    177 |      0 |   1524 |   4 |  636.5 |
   Spider Nest |   3985 |   3740 |    245 |      0 |   1999 |   4 |  996.2 |
  Orcish Mines |   1027 |    963 |     64 |      0 |    672 |   2 |  513.5 |
        Vaults |   6024 |   5772 |    252 |      0 |   3495 |   5 | 1204.8 |
        Depths |   4648 |   4516 |    132 |      0 |   2686 |   4 | 1162.0 |
           Zot |   6672 |   6469 |    203 |      7 |   3619 |   5 | 1334.4 |
         Abyss |    288 |    288 |      0 |      0 |      4 |   1 |  288.0 |
               +--------+--------+--------+--------+--------+-----+--------+

Top non-repeatable levels by time:
   Zot:4: 1610 daAuts
   Zot:5: 1421 daAuts
   Zot:2: 1390 daAuts
Vaults:4: 1372 daAuts
Depths:2: 1371 daAuts
Vaults:1: 1357 daAuts
Spider:1: 1310 daAuts
Vaults:5: 1276 daAuts
   Zot:3: 1269 daAuts
  Lair:3: 1241 daAuts
Depths:4: 1238 daAuts
Depths:3: 1216 daAuts
Spider:4: 1108 daAuts
Spider:3: 1072 daAuts
  Lair:2: 1056 daAuts
